 Dungeon Crawl Stone Soup version 0.27.0-1-g7a089689b8 (webtiles) character file.

Game seed: 18421200602317538112

449 Naeght the Covered (level 6, 0/56 HPs)
             Began as a Minotaur Berserker on Aug 10, 2021.
             Was a Priest of Trog.
             Succumbed to an orc priest's poison
             ... on level 4 of the Dungeon.
             The game lasted 00:04:18 (3082 turns).

Naeght the Covered (Minotaur Berserker)             Turns: 3082, Time: 00:04:19

Health: 0/56       AC:  3    Str: 24    XL:     6   Next: 74%
Magic:  5/5        EV: 12    Int:  4    God:    Trog [***...]
Gold:   84         SH:  0    Dex:  9    Spells: 5/5 levels left

rFire    . . .     SeeInvis .   a - +0 falchion
rCold    . . .     Faith    .   (no shield)
rNeg     . . .     Spirit   .   f - +0 leather armour
rPois    .         Reflect  .   (helmet restricted)
rElec    .         Harm     .   (no cloak)
rCorr    .         Rampage  .   (no gloves)
Will     .....                  (no boots)
Stlth    +.........             (no amulet)
HPRegen  0.18/turn              (no ring)
MPRegen  0.09/turn              (no ring)

@: lethally poisoned (0 -> 0), on berserk cooldown, slowed, very slow
A: horns 2, retaliatory headbutt
a: Renounce Religion, Berserk, Trog's Hand


You were on level 4 of the Dungeon.
You worshipped Trog.
Trog was most pleased with you.
You visited 1 branch of the dungeon, and saw 4 of its levels.

You collected 84 gold pieces.

Inventory:

Hand Weapons
 a - a +0 falchion (weapon)
Armour
 b - a +0 animal skin
 e - a +0 ring mail
 f - a +0 leather armour (worn)
 t - a +2 robe of positive energy
Jewellery
 k - a ring of protection from cold
 r - a ring of ice
Wands
 u - a wand of iceblast (17)
Scrolls
 d - a scroll of vulnerability {unknown}
 i - a scroll of noise {unknown}
 j - a scroll of fear {unknown}
 l - 4 scrolls of identify {unknown}
 m - a scroll of blinking {unknown}
 s - 2 scrolls of teleportation {unknown}
 v - 2 scrolls of amnesia {unknown}
 w - a scroll of enchant weapon {unknown}
Potions
 c - 2 potions of lignification {unknown}
 g - a potion of haste {unknown}
 h - a potion of heal wounds {unknown}
 n - 2 potions of cancellation {unknown}
 o - a potion of attraction {unknown}
 p - a potion of curing {unknown}
 q - a potion of magic {unknown}


   Skills:
 + Level 5.2 Fighting
 + Level 5.4 Long Blades
 * Level 5.5 Armour
 + Level 4.1 Dodging


You had 5 spell levels left.
You didn't know any spells.
Your spell library was empty.

Dungeon Overview and Level Annotations

Branches:
Dungeon (4/15)
 Temple: D:4-7

Altars:

Shops:
D:2 (   D:4 [


Innate Abilities, Weirdness & Mutations

You have a pair of horns on your head.
You reflexively headbutt those who attack you in melee.


Message History

Okay, then.
You hit the orc priest. You headbutt the orc priest.
You kill the orc priest!
Trog accepts your kill.
* * * LOW HITPOINT WARNING * * *
You feel very sick.
Unknown command.
An orc comes into view.
It is wielding a +0 war axe and wearing a +2 chain mail of poison resistance.
* * * LOW HITPOINT WARNING * * *
You feel very sick.
The orc shouts!
You hear an angry hiss.
You hear a bark!
Things that are here:
a +0 dagger of venom; a +0 scale mail; an orc corpse You barely miss the orc.
You headbutt the orc!
You kill the orc!
Trog accepts your kill.
You feel sick.
You closely miss the orc.
You feel sick. The orc hits you but does no damage.
You hit the orc.
The orc is moderately wounded.
You feel sick. The orc hits you but does no damage.
You slash the orc!
You kill the orc!
Trog accepts your kill.
You feel sick.
A hound comes into view.
You feel sick.
You feel a strong urge to attack something.
You feel sick.
You feel sick.
You feel your anger nearly subside.
You are no longer berserk.
You are exhausted.
You feel yourself slow down.
* * * LOW HITPOINT WARNING * * *
You feel sick.
* * * LOW HITPOINT WARNING * * *
You feel sick.
* * * LOW HITPOINT WARNING * * *
You feel sick.
You die...

.......................####
....<...#### #............#
.#.)....# #.....o.......
.#......# #.....))......
.#......# #)## ..∩.....#
#..# #.#.....# ##.#
...>.#### #######.# .....#
######..@....#
.....####......#######
..........######
###########


There were no monsters in sight!

Vanquished Creatures
  Sigmund (D:2)
  An ogre (D:4)
  A bullfrog skeleton (D:4)
  A centaur zombie (D:3)
  An orc priest (D:4)
  2 adders
  A worm (D:4)
  2 dart slugs
  4 orcs (D:4)
  4 bats
  6 endoplasms
  5 giant cockroaches
  5 goblins
  7 hobgoblins
  18 jackals
  3 kobolds
  3 quokkas
  5 ball pythons
  7 frilled lizards
  8 rats
85 creatures vanquished.

Notes
Turn   | Place    | Note
-------+----------+-------------------------------------------
     0 | D:1      | Naeght the Minotaur Berserker began the quest for the Orb.
     0 | D:1      | Reached XP level 1. HP: 19/19 MP: 0/0
   466 | D:1      | Reached XP level 2. HP: 27/27 MP: 1/1
   669 | D:1      | Found a faded altar of an unknown god.
   859 | D:1      | Reached XP level 3. HP: 31/33 MP: 2/2
   859 | D:1      | Reached ** piety under Trog
  1408 | D:2      | Found Caqowk's Antique Weapon Boutique.
  1538 | D:2      | Reached XP level 4. HP: 40/40 MP: 3/3
  1831 | D:2      | Noticed Sigmund
  1839 | D:2      | Killed Sigmund
  1840 | D:2      | Reached skill level 5 in Long Blades
  1840 | D:2      | Reached XP level 5. HP: 39/47 MP: 4/4
  2341 | D:3      | Reached XP level 6. HP: 48/55 MP: 5/5
  2856 | D:4      | Reached *** piety under Trog
  2865 | D:4      | Reached skill level 5 in Fighting
  2871 | D:4      | Reached skill level 5 in Armour
  2996 | D:4      | Found Pastivuz's Antique Armour Shoppe.
  3081 | D:4      | HP: 1/56 [poisoned by an orc priest]
  3082 | D:4      | Succumbed to an orc priest's poison

Illustrated notes

Levels and vault maps discovered:
D:1:      dpeg_arrival_snail, layout_loops_ring,
          shapermc_ecumenical_altar_totnotflames
D:2:      layout_basic, serial_shops, nicolae_shop_stone, uniq_sigmund
D:3:      layout_basic, ebering_dispersal_statue_hall
D:4:      layout_rooms, serial_curves, eino_curves_03, eino_curves_02,
          serial_shops, shop, uniq_robin

Skill      XL: |  1  2  3  4  5  6 |
---------------+-------------------+-----
Fighting       | 4 5 |  5.2
Long Blades    | 4 5 |  5.4
Armour         | 3 4 5 |  5.5
Dodging        | 3 4 |  4.1

Action                   |  1- 3 |  4- 6 || total
-------------------------+-------+-------++-------
Melee: Falchion          |    92 |    67 ||   159
       Headbutt          |    16 |    18 ||    34
Invok: Berserk           |       |     2 ||     2
 Stab: Sleeping          |     1 |       ||     1
Armor: Animal skin       |     2 |       ||     2
       Leather armour    |    24 |    17 ||    41
Dodge: Dodged            |    62 |    44 ||   106
       Rpst.: Falchion   |    19 |     8 ||    27
